 Dungeon Crawl Stone Soup version 0.28-a0-563-gf77a47075d (webtiles) character file.

Game seed: 18152124828657355711

112 jasper the Archer (level 4, 0/25 HPs)
             Began as a Deep Elf Hunter on Sept 30, 2021.
             Slain by a gnoll (6 damage)
             ... on level 3 of the Dungeon.
             The game lasted 00:03:28 (2304 turns).

jasper the Archer (Deep Elf Hunter)                 Turns: 2304, Time: 00:03:28

Health: 0/25       AC:  6    Str:  9    XL:     4   Next: 63%
Magic:  6/6        EV: 10    Int: 16    God:
Gold:   73         SH:  0    Dex: 16    Spells: 3/3 levels left

rFire   . . .      SeeInvis .   b - +0 short sword
rCold   . . .      Faith    .   (no shield)
rNeg    . . .      Spirit   .   o - +1 ring mail
rPois   .          Reflect  .   (no helmet)
rElec   .          Harm     .   (no cloak)
rCorr   .          Rampage  .   (no gloves)
Will    .....                   (no boots)
Stlth   +.........              (no amulet)
HPRegen 0.08/turn               (no ring)
MPRegen 0.10/turn               (no ring)

@: no status effects
A: no striking features
a: no special abilities


You were on level 3 of the Dungeon.
You visited 1 branch of the dungeon, and saw 3 of its levels.

You collected 73 gold pieces.

Inventory:

Hand Weapons
 a - a +1 shortbow
 b - a +0 short sword (weapon)
Armour
 c - a +0 leather armour
 o - a +1 ring mail (worn)
Scrolls
 e - a scroll of identify
Potions
 f - a potion of heal wounds
 h - a potion of mutation
 i - a potion of lignification {unknown}
 l - a potion of curing {unknown}
 m - 2 potions of flight
 n - a potion of magic {unknown}


   Skills:
 - Level 1.5 Fighting
 + Level 8.1 Bows
 - Level 2.4 Dodging
 - Level 1.2 Stealth


You had 3 spell levels left.
You didn't know any spells.
Your spell library contained the following spells:

 Spells                   Type           Power      Damage    Failure   Level
 Summon Guardian Golem    Hex/Summ       0%         N/A       91%         3
 Orb of Destruction       Conj           0%         N/A       100%        7
 Spellforged Servitor     Conj/Summ      0%         N/A       100%        7


Dungeon Overview and Level Annotations

Branches:
Dungeon (3/15)

Altars:


Message History

Unknown command.
You see here a throwing net.
d - a throwing net
b - a +0 short sword (weapon)
The gnoll hits you with a +0 club.
You take 3 damage, and have 22/25 hp.
Throw: throwing net
Press: ? - help, Shift-Dir - straight line, f - gnoll
Aim: a gnoll, wielding a +0 club (63% to hit)
You throw a throwing net.
The throwing net barely misses the gnoll.
The gnoll barely misses you.
You hit the gnoll.
The gnoll is moderately wounded.
The gnoll hits you but does no damage.
You hit the gnoll.
The gnoll is moderately wounded.
The gnoll hits you with a +0 club.
You take 4 damage, and have 18/25 hp.
You hit the gnoll.
The gnoll is moderately wounded.
The gnoll hits you with a +0 club.
You take 1 damage, and have 17/25 hp.
You hit the gnoll.
The gnoll is severely wounded.
The gnoll hits you but does no damage.
You barely miss the gnoll.
The gnoll is severely wounded.
The gnoll hits you with a +0 club.
You take 5 damage, and have 12/25 hp.
You closely miss the gnoll.
The gnoll is heavily wounded.
The gnoll hits you with a +0 club.
You take 4 damage, and have 8/25 hp.
You hit the gnoll but do no damage.
The gnoll is heavily wounded.
The gnoll hits you with a +0 club.
* * * LOW HITPOINT WARNING * * *
The gnoll hits you with a +0 club.
You die...

###..........#
#............#
#.#..........#
#.#..........#
#.#..........#
#.###.########
#.# #.#
#######.# #.#
#.......# #@#
#.####### #g#
#<# #.#
###########.#
(...()).(#
##########


You could see a gnoll.

Vanquished Creatures
  3 gnolls (D:3)
  2 adders (D:2)
  3 worms
  4 dart slugs
  5 bats
  4 endoplasms (D:1)
  A giant cockroach (D:1)
  4 hobgoblins
  A jackal (D:2)
  5 quokkas
  4 ball pythons
  4 frilled lizards
  2 goblins
  4 kobolds
  5 rats (D:1)
51 creatures vanquished.

Vanquished Creatures (others)
  2 fungi (D:1)
2 creatures vanquished.

Grand Total: 53 creatures vanquished

Notes
Turn   | Place    | Note
-------+----------+-------------------------------------------
     0 | D:1      | jasper the Deep Elf Hunter began the quest for the Orb.
     0 | D:1      | Reached XP level 1. HP: 12/12 MP: 3/3
    50 | D:1      | Found a faded altar of an unknown god.
   124 | D:1      | Reached XP level 2. HP: 16/16 MP: 4/4
   127 | D:1      | Reached skill level 6 in Bows
   577 | D:1      | Reached XP level 3. HP: 13/20 MP: 5/5
  1193 | D:2      | Reached skill level 7 in Bows
  1418 | D:2      | Reached XP level 4. HP: 25/25 MP: 6/6
  2291 | D:3      | Reached skill level 8 in Bows
  2304 | D:3      | Slain by a gnoll

Illustrated notes

Levels and vault maps discovered:
D:1:      dpeg_arrival_brainrot, layout_rooms, dreamdust_ecumenical_altar_grove
D:2:      kennysheep_big_flooded_room, layout_basic, minmay_heptomino_w4
D:3:      layout_basic, ebering_dispersal_statue_hall, uniq_robin

Skill      XL: |  1  2  3  4 |
---------------+-------------+-----
Bows           | 6 7 8 |  8.1
Fighting       | |  1.5
Dodging        | |  2.4
Stealth        | |  1.2

Action                   |  1- 3 |  4- 6 || total
-------------------------+-------+-------++-------
Melee: Short sword       |       |    26 ||    26
 Fire: Shortbow          |   118 |    35 ||   153
Throw: Throwing net      |       |     1 ||     1
  Use: Scroll            |       |     6 ||     6
Armor: Leather armour    |     3 |       ||     3
       Ring mail         |       |    22 ||    22
Dodge: Dodged            |    15 |    25 ||    40

Table legend: (Time is in decaauts)
 A = Elapsed time spent in this place.
 B = Non-inter-level travel time spent in this place.
 C = Inter-level travel time spent in this place.
 D = Time resting spent in this place.
 E = Time spent auto-exploring this place.
 F = Levels seen in this place.
 G = Mean time per level.
                   A        B        C        D        E       F      G
               +--------+--------+--------+--------+--------+-----+--------+
         Total |   2301 |   2223 |     78 |    100 |   1769 |   3 |  767.0 |
       Dungeon |   2301 |   2223 |     78 |    100 |   1769 |   3 |  767.0 |
               +--------+--------+--------+--------+--------+-----+--------+

Top non-repeatable levels by time:
     D:2: 1389 daAuts
     D:1: 849 daAuts
     D:3: 62 daAuts
